 Dungeon Crawl Stone Soup version 0.24.0-123-gd5b16e6ec5 (webtiles) character file.

Game seed: 6807279677862057791, levelgen mode: deterministic

42935 Hasart the Geomancer (level 13, -7/79 HPs)
             Began as a Vampire Earth Elementalist on Jan 14, 2020.
             Was an Initiate of Gozag.
             Hit by a javelin thrown by a minotaur (16 damage)
             ... in a Gauntlet.
             The game lasted 01:19:37 (24713 turns).

Hasart the Geomancer (Vampire Earth Elementalist)  Turns: 24713, Time: 01:19:37

Health: -7/79      AC: 13    Str:  7    XL:     13   Next: 88%
Magic:  28/28      EV: 14    Int: 25    God:    Gozag
Gold:   576        SH:  5    Dex: 15    Spells: 26/35 levels left

rFire    + + .     SeeInvis +   a - +2 hand axe (elec)
rCold    + . .     Gourm    .   (no shield)
rNeg     . . .     Faith    .   g - +3 leather armour {rF+}
rPois    +         Spirit   .   (no helmet)
rElec    +         Reflect  +   y - +1 cloak
rCorr    +         Harm     .   C - +1 pair of gloves
MR       +....     NoTele   +   u - +2 pair of boots {run}
Stlth    ++........             q - +5 amulet of reflection
HPRegen  0.43/turn              s - +3 ring of intelligence
MPRegen  0.21/turn              L - ring of wizardry

@: resistant, regenerating quickly, hasted, very quick
A: no food, fangs 3, see invisible, unbreathing
a: Exsanguinate, Potion Petition, Call Merchant, Bribe Branch, Renounce Religion


You were in a Gauntlet.
You worshipped Gozag.
Gozag was pleased with you.
You were alive.

You visited 4 branches of the dungeon, and saw 19 of its levels.
You also visited: Ossuary and Gauntlet.

You collected 4866 gold pieces.
You spent 1240 gold pieces at shops.
You paid 3050 gold pieces to Gozag.

Inventory:

Hand Weapons
 a - a +2 hand axe of electrocution (weapon)
 i - the +8 short sword "Wizxeizu" {drain, *Contam Dex+3 Stlth+}
   (You bought it in a shop on level 10 of the Dungeon)

   A truly terrible weapon, it drains the life of those it strikes.
   It affects your dexterity (+3).
   It causes magical contamination when unequipped.
   It makes you more stealthy.
Missiles
 b - 40 stones (quivered)
Armour
 g - a +3 leather armour of fire resistance (worn)
 u - a +2 pair of boots of running (worn)
 v - a +1 robe of magic resistance
 y - a +1 cloak (worn)
 C - a +1 pair of gloves (worn)
Jewellery
 q - a +5 amulet of reflection (around neck)
 s - a +3 ring of intelligence (left hand)
 x - the amulet "Vodwerr" {RegenMP Stlth+}
   (You found it in a Gauntlet)

   [amulet of magic regeneration]

   It increases your magic regeneration.
   It makes you more stealthy.
 z - the ring "Yggifur" {rPois Str+3}
   (You found it in a Gauntlet)

   [ring of poison resistance]

   It affects your strength (+3).
   It protects you from poison.
 L - a ring of wizardry (right hand)
 Q - an uncursed ring of ice
Wands
 l - a wand of clouds (2)
 r - a wand of flame (33)
 w - a wand of digging (7)
 B - a wand of acid (7)
 O - a wand of iceblast (3)
Scrolls
 d - 9 scrolls of teleportation
 e - 10 scrolls of identify
 j - 8 scrolls of remove curse
 m - a scroll of magic mapping
 o - 2 scrolls of enchant armour
 A - a scroll of blinking
 K - 5 scrolls of fog
 S - 2 scrolls of amnesia
Potions
 f - 6 potions of haste
 h - 7 potions of lignification
 k - 4 potions of brilliance
 n - 4 potions of curing
 p - 3 potions of might
 t - 3 potions of mutation
 D - a potion of magic
 E - 2 potions of berserk rage
 F - a potion of ambrosia
 G - 6 potions of flight
 H - 3 potions of agility
 I - 3 potions of resistance
 N - a potion of cancellation


   Skills:
 - Level 5.0 Dodging
 - Level 3.0 Stealth
 + Level 11.6 Spellcasting
 * Level 10.1 Conjurations
   Level 1.1 Transmutations
 + Level 14.7 Earth Magic
 - Level 5.0 Evocations


You had 26 spell levels left.
You knew the following spells:

 Your Spells              Type           Power        Failure   Level  Hunger
a - Sandblast             Erth           ######       0%          1    N/A
b - Stone Arrow           Conj/Erth      ######       1%          3    N/A
c - Lee's Rapid Deconstr  Erth           ######....   1%          5    N/A

Your spell library contained the following spells:

 Spells                   Type           Power        Failure   Level  Hunger
 Flame Tongue             Conj/Fire      #####        1%          1    N/A
 Sting                    Conj/Pois      ####         1%          1    N/A
 Passwall                 Tmut/Erth      ######..     1%          2    N/A
 Throw Flame              Conj/Fire      #####.       1%          2    N/A
 Conjure Flame            Conj/Fire      #####...     1%          3    N/A
 Mephitic Cloud           Conj/Pois/Air  ####....     1%          3    N/A
 Petrify                  Tmut/Erth      ######..     1%          4    N/A
 Animate Skeleton         Necr           N/A          2%          1    N/A
 Apportation              Tloc           ##....       2%          1    N/A
 Confusing Touch          Hex            ##....       2%          1    N/A
 Summon Small Mammal      Summ           ##..         2%          1    N/A
 Sticky Flame             Conj/Fire      #####...     3%          4    N/A
 Poisonous Vapours        Pois/Air       ##....       4%          2    N/A
 Swiftness                Chrm/Air       ##......     4%          2    N/A
 Confuse                  Hex            ##......     8%          3    N/A
 Gell's Gravitas          Tloc           ##........   8%          3    N/A
 Inner Flame              Hex/Fire       ##......     8%          3    N/A
 Fireball                 Conj/Fire      #####.....   9%          5    N/A
 Venom Bolt               Conj/Pois      #####.....   9%          5    N/A
 Olgreb's Toxic Radiance  Pois           ##......     26%         4    N/A
 Yara's Violent Unravell  Hex/Tmut       ###.......   45%         5    N/A
 Metabolic Englaciation   Hex/Ice        ##........   54%         5    N/A

Dungeon Overview and Level Annotations

Branches:
Dungeon (14/15)            Temple (1/1) D:4            Lair (2/6) D:9
  Swamp (0/4) Lair:2        Snake (0/4) Lair:2          Orc (2/2) D:10
    Elf (0/3) Orc:2       Ossuary (visited)         Gauntlet (1/1)
 Vaults: D:13-14

Altars:
Ashenzari
Cheibriados
Elyvilon
Gozag
Nemelex Xobeh
Ru
Sif Muna
Trog
Uskayaw
Vehumet
Wu Jian
Xom
Yredelemnul
The Shining One
Beogh

Shops:
D:5 *   D:10 =(*   D:11 !*:%*   Orc:2 ![}

Annotations:
D:9 3 runed translucent doors, RudyRod's ghost, novice NaFi Gauntlet 21 runed translucent doors, 6 transporters


Innate Abilities, Weirdness & Mutations

You do not eat.
Your natural rate of healing is unusually fast.
You have razor-sharp teeth.
You have supernaturally acute eyesight. (SInv)
You can survive without breathing.


Message History

The minotaur throws a javelin.
The javelin pierces through you!!
The minotaur throws a javelin.
The javelin pierces through you!
* * * LOW HITPOINT WARNING * * *
[a] - 459 gold - haste, agility and flight [b] - 338 gold - haste and flight [c] - 600 gold - haste, resistance and heal wounds Purchase which effect?
You feel as though your hastened speed will last longer.
You feel protected.
You feel much better.
The minotaur throws a javelin.
The javelin pierces through you!!
* * * LOW HITPOINT WARNING * * *
You feel much better.
The minotaur is engulfed in blazing flames.
The minotaur throws a javelin.
The javelin pierces through you!!
* * * LOW HITPOINT WARNING * * *
You see here 4 javelins.
The minotaur throws a javelin.
The javelin pierces through you!
You die...
Your body crumbles into a pile of gold.

y.#y.#.#..### .#y.#.|#..#
#..#P.##..#####
..#..#.#..#≈8§#
©#..#.©#..#...#
P.#..#.#..#.8.#
#P.#..##..#...#############
.#..#yy#..#.8.##.(....(H..#
..#..#y#..#...##@########(#
########..#...##.#.....H#.#
.........≈#.©.##.#H# #.#
.........∩#......#.# #.#
.........≈#.©.####.######H#
########..#...# #.H..(((.#
.......#..#...# ##########
#...##.#..#.8.#
.#.#.#[#..#...#


You could see a minotaur.

Vanquished Creatures
  Rupert (D:13)
  An orc warlord (Orc:2)
  Harold (D:11)
  A hydra (Gauntlet)
  6 two-headed ogres
  6 orc high priests
  An unseen horror (D:11)
  5 orc knights
  3 manticores
  4 orc sorcerers (Orc:2)
  An ugly thing (D:11)
  A black mamba (Lair:2)
  A torpor snail (Gauntlet)
  2 kobold demonologists (D:12)
  2 komodo dragons (Lair:1)
  2 rime drakes (Lair:1)
  8 trolls
  A merfolk (D:9)
  Grinder (D:3)
  A hippogriff (D:10)
  A hornet (D:12)
  5 blink frogs (Lair:2)
  3 slime creatures (D:13)
  3 shadows (Gauntlet)
  A wraith (Ossuary)
  2 wyverns (D:13)
  A chaos spawn (Gauntlet)
  A vampire (D:11)
  A neqoxec (Gauntlet)
  9 yaks
  A hungry ghost (D:11)
  A basilisk (Lair:1)
  2 vampire mosquitoes (D:13)
  A redback simulacrum (D:14)
  6 wargs
  15 water moccasins
  2 porcupines (Lair:1)
  Duvessa (D:7)
  2 sky beasts
  48 orc warriors
  3 ice beasts
  3 black bears (D:9)
  A phantom (D:4)
  An eye of draining (D:10)
  10 ogres
  A necrophage (D:11)
  4 centaurs
  4 big kobolds
  16 bullfrogs
  A wyvern zombie (D:12)
  Dowan (D:7)
  A wyvern skeleton (D:8)
  3 scorpions
  15 killer bees
  6 wights
  2 howler monkeys
  6 electric eels
  3 bullfrog zombies
  6 centaur zombies
  4 crimson imps
  7 hounds
  2 jellies
  A gnoll shaman (D:8)
  A quasit (D:12)
  A bullfrog skeleton (D:11)
  2 centaur skeletons
  24 orc priests
  23 orc wizards
  3 iguanas
  Jessica (D:3)
  Terence (D:2)
  7 worker ants
  A hound zombie (D:11)
  A hound skeleton (D:4)
  A mummy (Ossuary)
  A howler monkey zombie (D:5)
  2 worker ant zombies
  8 gnolls
  14 adders
  A shadow imp (D:5)
  An adder zombie (D:5)
  A worm (D:4)
  5 dart slugs
  3 leopard geckos
  119 orcs
  15 giant cockroaches
  7 goblins
  9 hobgoblins
  9 jackals
  5 quokkas
  A ball python (Lair:2)
  9 bats
  8 frilled lizards
  5 gnoll skeletons (Ossuary)
  13 kobolds
  9 kobold skeletons (Ossuary)
  11 orc skeletons (Ossuary)
  A quokka skeleton (D:5)
  8 rats
  2 plants (Lair:2)
589 creatures vanquished.

Vanquished Creatures (others)
  5 fungi
  12 plants
17 creatures vanquished.

Grand Total: 606 creatures vanquished

Notes
Turn   | Place    | Note
-------+----------+-------------------------------------------
     0 | D:1      | Hasart the Vampire Earth Elementalist began the quest for
                  | the Orb.
     0 | D:1      | Reached XP level 1. HP: 13/13 MP: 3/3
   189 | D:1      | Reached XP level 2. HP: 7/19 MP: 3/5
   777 | D:1      | Reached XP level 3. HP: 24/24 MP: 6/6
  1137 | D:2      | Noticed Terence
  1142 | D:2      | Killed Terence
  1142 | D:2      | Reached skill level 4 in Earth Magic
  1142 | D:2      | Reached XP level 4. HP: 30/30 MP: 4/7
  1680 | D:3      | Noticed Jessica
  1683 | D:3      | Noticed Grinder
  1685 | D:3      | Killed Jessica
  1806 | D:2      | Reached XP level 5. HP: 20/35 MP: 5/9
  2000 | D:3      | Killed Grinder
  2000 | D:3      | Reached skill level 5 in Earth Magic
  2000 | D:3      | Reached skill level 1 in Evocations
  2000 | D:3      | Reached XP level 6. HP: 20/41 MP: 2/11
  2105 | D:3      | Found a faded altar of an unknown god.
  2657 | D:4      | Reached XP level 7. HP: 46/46 MP: 1/12
  2767 | D:4      | Reached skill level 6 in Earth Magic
  2807 | D:4      | Learned a level 3 spell: Stone Arrow
  2813 | D:4      | Learned a level 5 spell: Lee's Rapid Deconstruction
  3292 | D:4      | Found a sacrificial altar of Ru.
  3330 | D:4      | Found a staircase to the Ecumenical Temple.
  3338 | Temple   | Entered the Ecumenical Temple
  3386 | Temple   | Became a worshipper of Gozag Ym Sagoz the Greedy
  3876 | D:5      | Entered Level 5 of the Dungeon
  3964 | D:5      | Found a white marble altar of Elyvilon.
  3981 | D:5      | Reached skill level 5 in Dodging
  3981 | D:5      | Reached XP level 8. HP: 48/52 MP: 6/14
  4406 | D:5      | Reached skill level 7 in Earth Magic
  4512 | D:5      | Found Pocig's General Store.
  4515 | D:5      | Bought a scroll of identify for 22 gold pieces
  4515 | D:5      | Bought a scroll of remove curse for 33 gold pieces
  4515 | D:5      | Bought a potion of curing for 33 gold pieces
  4583 | D:5      | Identified a +2 pair of boots of running (You found it on
                  | level 5 of the Dungeon)
  4983 | D:6      | Found a shimmering altar of Xom.
  4983 | D:6      | Found a sparkling altar of Nemelex Xobeh.
  5047 | D:6      | Reached skill level 5 in Spellcasting
  5087 | D:6      | Found a hide-covered altar of Uskayaw.
  5087 | D:6      | Found a glowing golden altar of the Shining One.
  5089 | D:6      | Found an ornate altar of the Wu Jian Council.
  5096 | D:6      | Reached skill level 8 in Earth Magic
  5655 | D:7      | Found a sparkling altar of Nemelex Xobeh.
  5850 | D:7      | Found a sand-covered staircase.
  5922 | Ossuary  | Entered an ossuary
  6332 | Ossuary  | Reached XP level 9. HP: 57/57 MP: 6/17
  6584 | D:7      | Noticed Dowan
  6585 | D:7      | Noticed Duvessa
  6591 | D:7      | Killed Duvessa
  6592 | D:7      | Killed Dowan
  6606 | D:7      | Found a shimmering blue altar of Sif Muna.
  6843 | D:7      | Reached skill level 9 in Earth Magic
  7124 | D:8      | Reached skill level 5 in Evocations
  7887 | D:8      | Found a shattered altar of Ashenzari.
  7955 | D:8      | Reached skill level 10 in Earth Magic
  8452 | D:9      | Reached XP level 10. HP: 63/63 MP: 15/20
  8618 | D:9      | Found a radiant altar of Vehumet.
  8711 | D:9      | Reached skill level 11 in Earth Magic
  9029 | D:9      | Found a basalt altar of Yredelemnul.
  9077 | D:9      | Found a staircase to the Lair.
  9525 | D:9      | Found a runed translucent gate.
  9525 | D:9      | Found a runed translucent gate.
  9525 | D:9      | Found a runed translucent gate.
  9526 | D:9      | Noticed an 11-headed hydra
  9533 | D:9      | Noticed RudyRod's ghost (novice NaFi)
  9534 | D:9      | Noticed an 11-headed hydra
  9620 | D:10     | Entered Level 10 of the Dungeon
  9663 | D:10     | Reached skill level 12 in Earth Magic
  9870 | D:10     | Reached skill level 1 in Conjurations
  9966 | D:10     | Found a staircase to the Orcish Mines.
 10052 | D:10     | Found a hide-covered altar of Uskayaw.
 10571 | Orc:1    | Entered Level 1 of the Orcish Mines
 10924 | Orc:1    | Reached XP level 11. HP: 56/68 MP: 2/23
 11480 | Orc:1    | Noticed an orc knight
 11593 | Orc:1    | Killed an orc knight
 12492 | Orc:1    | Noticed an orc high priest
 12496 | Orc:1    | Killed an orc high priest
 12846 | Orc:2    | Entered Level 2 of the Orcish Mines
 13657 | Orc:2    | Noticed an orc sorcerer
 13657 | Orc:2    | Noticed an orc sorcerer
 13933 | Orc:2    | Killed an orc sorcerer
 13935 | Orc:2    | Paralysed by an orc sorcerer for 2 turns
 13937 | Orc:2    | Killed an orc sorcerer
 14068 | Orc:2    | Reached skill level 5 in Conjurations
 14400 | Orc:2    | Found a staircase to the Elven Halls.
 14655 | Orc:2    | Reached skill level 13 in Earth Magic
 14746 | Orc:2    | Noticed an orc sorcerer
 14752 | Orc:2    | Killed an orc sorcerer
 15076 | Orc:2    | Noticed an orc warlord
 15170 | Orc:2    | Killed an orc warlord
 15170 | Orc:2    | Reached XP level 12. HP: 36/74 MP: 1/25
 15466 | Orc:2    | Found a roughly hewn altar of Beogh.
 15500 | Orc:2    | Noticed an orc high priest
 15521 | Orc:2    | Killed an orc high priest
 15781 | Orc:2    | Found Jeopto's General Store.
 15781 | Orc:2    | Noticed an orc high priest
 15785 | Orc:2    | Killed an orc high priest
 15869 | Orc:2    | Noticed an orc high priest
 15873 | Orc:2    | Killed an orc high priest
 16044 | Orc:2    | Found Comeoqe's Distillery.
 16064 | Orc:2    | Bought a potion of heal wounds for 80 gold pieces
 16064 | Orc:2    | Bought a potion of degeneration for 16 gold pieces
 16064 | Orc:2    | Bought a potion of flight for 48 gold pieces
 16064 | Orc:2    | Bought a potion of might for 64 gold pieces
 16175 | Orc:2    | Noticed an orc high priest
 16177 | Orc:2    | Killed an orc high priest
 16177 | Orc:2    | Reached skill level 10 in Spellcasting
 16291 | Orc:2    | Noticed a two-headed ogre
 16299 | Orc:2    | Killed a two-headed ogre
 16377 | Orc:2    | Noticed a two-headed ogre
 16383 | Orc:2    | Killed a two-headed ogre
 16528 | Orc:2    | Noticed a two-headed ogre
 16536 | Orc:2    | Killed a two-headed ogre
 17357 | Orc:2    | Found a roughly hewn altar of Beogh.
 17416 | Orc:2    | Found Reahees's Gadget Emporium.
 17835 | Orc:2    | Found Uvadinki's Armour Shoppe.
 18100 | Orc:2    | Noticed an orc high priest
 18100 | Orc:2    | Noticed a two-headed ogre
 18103 | Orc:2    | Killed a two-headed ogre
 18104 | Orc:2    | Killed an orc high priest
 18466 | D:10     | Bought an ancient short sword for 248 gold pieces
 18466 | D:10     | Identified the +8 short sword "Wizxeizu" {drain, *Contam
                  | Dex+3 Stlth+} (You bought it in a shop on level 10 of the
                  | Dungeon)
 18472 | D:10     | Bought a +5 amulet of reflection for 494 gold pieces
 18497 | D:11     | Found Melul's Distillery.
 18568 | D:11     | Found Icaajext's Assorted Antiques.
 18575 | D:11     | Noticed Harold
 18587 | D:11     | Killed Harold
 18587 | D:11     | Reached skill level 14 in Earth Magic
 18587 | D:11     | Reached XP level 13. HP: 75/79 MP: 6/27
 19106 | D:11     | Found Xennaxt Ryda's Assorted Antiques.
 19116 | D:11     | Bought a jewelled lead wand for 108 gold pieces
 19138 | D:11     | Bought a scroll labeled MECOEB IMAXKAE for 29 gold pieces
 19404 | D:11     | Found Esemem's Food Boutique.
 19613 | D:11     | Found Ryxam's Book Shop.
 19723 | D:11     | Bought a potion of berserk rage for 65 gold pieces
 21934 | D:13     | Noticed Rupert
 21938 | D:13     | Killed Rupert
 22398 | Lair:1   | Entered Level 1 of the Lair of Beasts
 23528 | Lair:2   | Found a staircase to the Snake Pit.
 23574 | Lair:2   | Reached skill level 10 in Conjurations
 23616 | Lair:2   | Found a gate leading to a gauntlet.
 23625 | Gauntlet | Entered a Gauntlet
 23625 | Gauntlet | Found a large runed translucent door.
 23625 | Gauntlet | Found a large runed translucent door.
 23625 | Gauntlet | Found a large runed translucent door.
 23625 | Gauntlet | Found a large runed translucent door.
 23625 | Gauntlet | Found a large runed translucent door.
 23625 | Gauntlet | Found a large runed translucent door.
 23625 | Gauntlet | Found a large runed translucent door.
 23625 | Gauntlet | Found a large runed translucent door.
 23625 | Gauntlet | Found a runed translucent door.
 23625 | Gauntlet | Found a runed translucent gate.
 23625 | Gauntlet | Found a transporter.
 23625 | Gauntlet | Found a transporter.
 23625 | Gauntlet | Found a runed translucent gate.
 23625 | Gauntlet | Found a transporter.
 23625 | Gauntlet | Noticed a death ooze
 23710 | Gauntlet | Found a transporter.
 23713 | Gauntlet | Found a transporter.
 23714 | Gauntlet | Found a transporter.
 23717 | Gauntlet | Found a runed translucent gate.
 23717 | Gauntlet | Found a runed translucent door.
 23718 | Gauntlet | Found a large runed translucent door.
 23718 | Gauntlet | Found a large runed translucent door.
 23719 | Gauntlet | Found a large runed translucent door.
 23740 | Gauntlet | Found a large runed translucent door.
 23740 | Gauntlet | Found a large runed translucent door.
 23741 | Gauntlet | Found a large runed translucent door.
 23742 | Gauntlet | Found a large runed translucent door.
 23742 | Gauntlet | Found a large runed translucent door.
 23767 | Gauntlet | Found a transporter.
 23768 | Gauntlet | Noticed a dire elephant
 23771 | Gauntlet | Found a transporter.
 23793 | Gauntlet | Found a transporter.
 23810 | Gauntlet | Found a transporter.
 23816 | Gauntlet | Found a transporter.
 23819 | Gauntlet | Found a transporter.
 24170 | Gauntlet | Got an ancient bone amulet
 24180 | Gauntlet | Identified the amulet "Vodwerr" {RegenMP Stlth+} (You found
                  | it in a Gauntlet)
 24277 | Gauntlet | Got a pitted iron ring
 24279 | Gauntlet | Identified the Compendium of Fetching Aid
 24281 | Gauntlet | Identified the ring "Yggifur" {rPois Str+3} (You found it
                  | in a Gauntlet)
 24415 | Gauntlet | Noticed a minotaur
 24713 | Gauntlet | Hit by a javelin thrown by a minotaur

Levels and vault maps discovered:
D:1:      sevenhm_arrival_forest_fort_small_4, layout_basic, minmay_tromino_i4
D:2:      layout_rooms, first_ration, uniq_terence
D:3:      layout_basic, chequers_ecumenical_altar_simple, uniq_grinder,
          uniq_jessica
D:4:      layout_basic, nicolae_ru_path_of_blood,
          minmay_temple_entry_nine_rooms, kennysheep_small_spiral,
          minmay_joined_circles
D:5:      cheibrodos_barr_body, layout_basic, nicolae_overflow_crystal_walls,
          serial_shops, kennysheep_mini
D:6:      layout_basic, grunt_temple_overflow_open
D:7:      layout_loops_corners, lemuel_coloured_pillars_altar,
          nicolae_ossuary_entry_false_entrances, nemelex_lonely_heart_becter,
          uniq_duvessa
D:8:      layout_cave_pools, lemuel_crystal_altar
D:9:      layout_basic, erik_lair_orcish_takeover, basic_altar,
          gammafunk_ghost_hydra_chop, hangedman_fish_farm, vehumet_altar_wand_db
D:10:     layout_small_grid, david_orc_2, basic_altar
D:11:     layout_rooms, serial_shops, shop, nicolae_shop_window_shopping,
          nicolae_shop_overgrown_old_shop, shop, shop_statue, uniq_harold
D:12:     layout_basic
D:13:     layout_long_grid, serial_bayou_ford_a, uniq_rupert
D:14:     layout_loops_cross, erik_vaults_2, minmay_stone_trees_small,
          hangedman_decor_lopped, kennysheep_generic_room_2
Temple:   nicolae_temple_figure_eight
Lair:1:   layout_chaotic_city, cheibrodos_lair_caveside_slide
Lair:2:   layout_long_grid, skrybe_swamp_entry_bodies,
          minmay_snake_entry_six_corridors, gauntlet_entry_generic,
          gammafunk_ghost_necromancy, eino_house_with_fridge
Orc:1:    layout_caves
Orc:2:    pubby_orc_utopia
Gauntlet: gammafunk_gauntlet_hard_choice
          [minmay_gauntlet_arena_make_your_own_arena, nicolae_gauntlet_arena_x,
          gammafunk_gauntlet_arena_crates, nicolae_gauntlet_arena_flowing_pool,
          gammafunk_gauntlet_arena_arrow_garden,
          gammafunk_gauntlet_arena_corners, gauntlet_exit_spiral]

Skill      XL: |  1  2  3  4  5  6  7  8  9 10 11 12 13 |
---------------+----------------------------------------+-----
Dodging        | 3 4 5 |  5.0
Earth Magic    | 4 5 6 8 10 12 13 14 | 14.7
Spellcasting   | 3 4 5 6 8 9 10 11 | 11.6
Evocations     | 1 2 3 4 5 |  5.0
Conjurations   | 2 6 8 10 | 10.1
Stealth        | |  3.0
Transmutations | |  1.1

Action                   |  1- 3 |  4- 6 |  7- 9 | 10-12 | 13-15 || total
-------------------------+-------+-------+-------+-------+-------++-------
Melee: Unarmed           |   127 |       |       |       |       ||   127
       Bite              |    10 |     7 |    37 |    20 |    12 ||    86
       Short sword       |    68 |   152 |    66 |       |       ||   286
       Dagger            |       |       |   154 |       |       ||   154
       Falchion          |       |       |   178 |    38 |       ||   216
       Hand axe          |       |       |       |   173 |   130 ||   303
 Cast: Sandblast         |    10 |    34 |   115 |    55 |    39 ||   253
       Lee's Rapid Decon |       |       |    29 |   119 |    55 ||   203
       Stone Arrow       |       |       |     1 |   155 |    56 ||   212
Invok: Call Merchant     |       |       |       |     3 |       ||     3
       Potion Petition   |       |       |       |       |     2 ||     2
Evoke: Wand              |       |       |       |    11 |     9 ||    20
  Use: Scroll            |       |       |     1 |    13 |    18 ||    32
       Potion            |       |       |       |       |     5 ||     5
 Stab: Sleeping          |     2 |     6 |     6 |     1 |     3 ||    18
       Distracted        |       |       |       |     1 |     1 ||     2
Armor: Robe              |    57 |    22 |    32 |       |       ||   111
       Leather armour    |       |       |   125 |    99 |    74 ||   298
Dodge: Dodged            |   168 |   130 |   405 |   186 |   163 ||  1052
Block: Other             |       |       |       |     2 |    47 ||    49
       Reflection        |       |       |       |       |     1 ||     1
       Rpst.: Falchion   |       |       |    47 |    13 |       ||    60
